Map: Dusk Towers

Players

Cloudetix - Winner!

  • Race: Terran Terran
  • League: Gold

Novawulfen

  • Race: Terran Terran
  • League: Gold

VOD

Have the link to the VOD?

Description

Time

  • Played on: Nov. 14, 2015, 7:30 p.m.
  • Length: 11:07
Show
View Real Time Build Order
Export as new Build Order

Cloudetix Terran - Winner!

Build Orders: Bio Tank, MMM Bio 

Get SALT Encoding   

  12  0:00  SCV  
  13  0:13  SCV  
  14  0:19  Supply Depot  
  14  0:25  SCV  
  15  0:40  SCV  
  16  0:50  Barracks  
  16  0:51  Refinery  
  16  0:52  SCV  
  17  1:05  SCV  
  18  1:17  SCV  
  19  1:29  SCV  
  20  1:38  Reaper  
  21  1:40  Command Center  
  21  1:46  Orbital Command  
  21  1:55  Supply Depot  
  21  2:10  Barracks Reactor  
  21  2:13  SCV  
  22  2:28  SCV  
  24  2:44  SCV  
  24  2:45  Factory, Refinery  
  24  2:48  Barracks, Marine  
  24  2:49  Marine  
  24  2:50  Barracks  
  26  2:54  Orbital Command  
  26  3:02  SCV  
  27  3:08  Marine x2  
  29  3:13  Supply Depot  
  29  3:15  SCV  
  30  3:23  SCV  
  30  3:26  Marine x2  
  33  3:29  SCV  
  33  3:31  Factory Tech Lab  
  34  3:35  SCV, Starport  
  35  3:41  SCV  
  35  3:43  Barracks Tech Lab  
  35  3:44  Barracks Reactor  
  35  3:48  SCV  
  37  3:53  SCV  
  37  3:55  Marine x2  
  38  4:00  SCV  
  40  4:06  Stimpack  
  40  4:08  Marine  
  41  4:11  Factory Tech Lab  
  41  4:14  Marine x2  
  41  4:16  SCV x2  
  45  4:21  Marine  
  45  4:22  Marine  
  47  4:26  Marine  
  47  4:28  Raven  
  47  4:31  SCV x2  
  52  4:34  Marine  
  52  4:35  Refinery x2, Marine  
  54  4:48  Supply Depot  
  54  5:09  SCV x2, Marine x4  
  54  5:11  Viking  
  54  5:12  Command Center  
  62  5:16  Supply Depot  
  62  5:35  Supply Depot  
  62  5:37  Marine x3  
  62  5:38  SCV x2, Siege Tank  
  70  5:57  SCV x2, Marine x2  
  70  6:00  Barracks  
  70  6:02  Engineering Bay  
  70  6:03  Engineering Bay, Marine x3  
  70  6:04  Supply Depot  
  77  6:05  Supply Depot  
  77  6:09  SCV  
  77  6:11  Starport Reactor  
  78  6:24  SCV x2, Siege Tank, Marine x3  
  86  6:27  Supply Depot x2  
  86  6:29  Orbital Command  
  86  6:36  Terran Infantry Weapons Level 1, Terran Infantry Armor Level 1  
  86  6:37  SCV x2  
  88  6:46  Marine x3  
  91  6:49  SCV x2  
  91  6:50  Barracks Reactor  
  91  6:52  Medivac x2  
  97  6:56  SCV  
  97  7:00  Marine  
  97  7:01  SCV x2, Marine  
  100  7:02  Siege Tank  
  100  7:06  Marine x3  
  108  7:11  Missile Turret  
  108  7:14  Supply Depot  
  108  7:15  Supply Depot  
  108  7:17  SCV x2  
  108  7:18  Marine x2  
  112  7:23  Combat Shields, Missile Turret  
  112  7:28  SCV  
  113  7:35  SCV  
  113  7:36  SCV  
  115  7:40  SCV  
  115  7:42  Sensor Tower  
  116  7:44  Marine  
  116  7:45  Sensor Tower, Marine x6  
  116  7:48  Medivac  
  125  7:52  Medivac  
  125  7:53  Siege Tank  
  125  7:55  SCV x3  
  133  8:04  Refinery  
  133  8:05  Refinery  
  133  8:07  SCV x2, Missile Turret, Marine x3  
  133  8:08  Marine x3  
  141  8:19  Supply Depot x2  
  141  8:22  SCV, Marine  
  141  8:23  SCV  
  141  8:24  SCV  
  137  8:28  Marine x4  
  141  8:40  Siege Tank, Marine  
  142  8:45  Marine x2  
  142  8:46  Marine x2  
  146  8:51  Barracks x2  
  146  8:53  Barracks  
  146  8:58  Medivac x2  
  150  9:07  Marine x4  
  154  9:14  Armory  
  154  9:17  Factory  
  153  9:26  Marine x3  
  153  9:27  Marine x4  
  153  9:29  Siege Tank  
  156  9:43  Barracks Tech Lab x2  
  156  9:44  Barracks Tech Lab, Marine  
  153  9:47  Marine x2  
  153  9:48  Marine x2  
  153  9:50  Marine  
  157  10:03  Missile Turret  
  157  10:06  Supply Depot x2  
  157  10:07  Supply Depot  
  157  10:15  Factory Tech Lab  
  157  10:22  Command Center  
  157  10:27  Marine x6  
  157  10:28  SCV x2, Medivac x2, Siege Tank, Marine x2  
  173  10:29  Marauder  
  173  10:30  Supply Depot  
  173  10:33  Supply Depot  
  176  10:36  Supply Depot  
  176  10:40  Marine  
  180  10:45  Marine  
Show
View Real Time Build Order
Export as new Build Order

Novawulfen Terran 

Build Orders: Cannon Rush, Mech 

Get SALT Encoding   

  12  0:00  SCV  
  13  0:13  SCV  
  14  0:18  Supply Depot  
  14  0:26  SCV  
  15  0:30  Refinery  
  15  0:42  Barracks  
  15  0:44  SCV  
  16  0:56  SCV  
  17  1:08  SCV  
  18  1:20  SCV  
  19  1:31  Reaper  
  20  1:33  SCV  
  21  1:45  Orbital Command  
  21  1:53  Command Center  
  21  2:00  Factory  
  21  2:05  Marine  
  22  2:11  SCV  
  23  2:17  Supply Depot  
  23  2:24  Barracks Reactor  
  23  2:38  SCV  
  24  2:45  Hellion  
  24  2:51  SCV  
  27  3:00  Marine  
  27  3:03  SCV  
  28  3:06  Orbital Command  
  28  3:09  Refinery  
  28  3:11  Factory Tech Lab  
  28  3:16  Command Center, SCV  
  29  3:27  Marine x2  
  29  3:29  Factory  
  29  3:31  SCV  
  32  3:38  Supply Depot  
  32  3:39  SCV  
  33  3:43  Refinery  
  32  3:55  SCV  
  32  4:00  SCV, Marine x2  
  36  4:08  SCV  
  36  4:12  SCV  
  37  4:20  SCV  
  38  4:30  Siege Tank  
  41  4:33  Barracks Tech Lab  
  41  4:38  Supply Depot  
  41  4:39  Supply Depot, Hellion x2  
  41  4:44  SCV x2  
  47  4:50  Refinery  
  47  4:59  Starport  
  47  5:02  Hellion x2  
  49  5:10  Siege Tank  
  52  5:16  SCV x2  
  54  5:27  Factory  
  54  5:29  Factory  
  54  5:34  SCV x2  
  58  5:35  Hellion  
  58  5:36  Hellion, Raven  
  62  5:44  Starport  
  62  5:53  SCV x2  
  62  5:55  Siege Tank  
  67  5:59  Hellion  
  69  6:08  SCV, Supply Depot  
  69  6:09  Supply Depot  
  70  6:12  Factory Tech Lab, Factory Reactor  
  70  6:30  SCV, Hellion, Raven  
  70  6:31  Starport Reactor  
  75  6:36  SCV, Supply Depot  
  75  6:37  Orbital Command  
  76  6:40  Supply Depot, Siege Tank  
  76  6:43  Siege Tank  
  82  6:48  Hellion  
  84  7:06  Armory, Hellion x3  
  90  7:09  Armory, Viking  
  90  7:15  Orbital Command  
  91  7:25  Engineering Bay  
  91  7:27  SCV x2  
  91  7:30  Hellion x2, Siege Tank  
  98  7:43  Engineering Bay  
  98  7:48  SCV x3  
  98  7:50  Hellion  
  103  7:53  Viking  
  105  8:12  Missile Turret  
  105  8:15  Supply Depot  
  105  8:16  Supply Depot  
  99  8:43  Hellion  
  99  8:44  Hellion x3  
  99  8:45  Viking x3, Siege Tank x2  
  119  8:53  Missile Turret  
  119  9:00  Terran Vehicle And Ship Armor Level 1, Terran Vehicle Weapons Level 1  
  119  9:02  Supply Depot x2  
  119  9:03  SCV  
  119  9:04  SCV x2  
  122  9:10  Refinery  
  122  9:15  SCV, Viking  
  122  9:16  SCV  
  96  9:55  SCV x3  
  96  9:56  Hellion x4  
  96  9:58  Viking x2, Siege Tank x2  
  96  9:59  Viking  
  115  10:08  Refinery  
  115  10:11  Command Center  
  115  10:12  Command Center  
  115  10:13  SCV  
  115  10:14  SCV x2  
  122  10:21  Hellion x4  
  122  10:26  Supply Depot  
  122  10:27  Supply Depot  
  126  10:30  Supply Depot, Siege Tank  
  126  10:35  Missile Turret  
  129  10:37  SCV x2, Missile Turret  
  129  10:38  SCV  
  129  10:42  Missile Turret  
  132  10:45  Hellion x4  
Tags
 
Add a new tag
Caveats
  • Supply blocks, unpowered buildings, or Contaminate may cause inaccurate times.
  • Supply counts are checked every 10 seconds.